Map: Ruins of Seras

Players

Javert - Winner!

  • Race: Zerg Zerg
  • League: Grandmaster

wamphyrix

  • Race: Terran Terran
  • League: Grandmaster

VOD

Have the link to the VOD?

Description

Time

  • Played on: June 13, 2015, 1:25 a.m.
  • Length: 8:22
Show
View Real Time Build Order
Export as new Build Order

Javert Zerg - Winner!

Build Orders: Hatch First 

Get SALT Encoding   

  12  0:01  Drone  
  13  0:13  Overlord  
  13  0:19  Drone  
  14  0:34  Drone  
  15  0:46  Hatchery  
  14  0:50  Drone  
  14  0:55  Drone  
  16  1:05  Extractor  
  15  1:13  Spawning Pool  
  14  1:18  Drone  
  14  1:19  Drone  
  16  1:29  Drone  
  17  1:33  Overlord  
  17  1:42  Drone  
  18  1:51  Drone  
  19  2:03  Queen x2  
  19  2:08  Metabolic Boost  
  23  2:13  Zergling x2  
  23  2:14  Zergling x2  
  25  2:22  Drone x2  
  27  2:25  Drone  
  28  2:30  Zergling x2  
  28  2:34  Drone  
  30  2:37  Drone  
  31  2:48  Drone  
  31  2:49  Drone  
  33  2:55  Overlord  
  33  3:00  Drone  
  34  3:07  Drone  
  36  3:20  Zergling x12  
  36  3:21  Zergling x2  
  36  3:24  Hatchery  
  41  3:32  Overlord  
  40  3:41  Drone x3  
  43  3:52  Drone x3  
  43  3:53  Drone x5  
  51  4:12  Drone  
  51  4:13  Overlord x2  
  52  4:19  Queen, Extractor x2  
  52  4:21  Lair  
  52  4:23  Extractor  
  51  4:25  Overlord x2  
  51  4:27  Evolution Chamber x2  
  51  4:29  Drone x3  
  52  4:35  Spore Crawler  
  51  4:39  Queen  
  53  4:48  Drone x4  
  56  4:56  Zerg Ground Armor Level 1  
  56  5:11  Baneling Nest  
  56  5:12  Drone x7  
  62  5:28  Spine Crawler  
  60  5:30  Spine Crawler  
  58  5:41  Spine Crawler  
  51  5:43  Spire  
  51  5:44  Drone x7  
  51  6:21  Drone x7  
  51  6:22  Drone x15  
  72  6:30  Extractor  
  72  6:31  Overlord, Extractor  
  72  6:32  Overlord  
  70  6:49  Overlord x2  
  70  6:50  Overlord  
  70  6:58  Mutalisk x3  
  70  6:59  Mutalisk x2  
  80  7:06  Mutalisk x2  
  80  7:07  Mutalisk x2  
  88  7:10  Overseer  
  88  7:12  Pneumatized Carapace  
  88  7:21  Mutalisk  
  88  7:22  Mutalisk  
  92  7:27  Drone x2  
  92  7:28  Drone x7  
  101  7:39  Zergling x2  
  101  7:40  Zergling x4  
  101  7:44  Drone x5  
  109  7:53  Drone  
  109  7:54  Drone x5  
  115  8:01  Drone x3  
  115  8:02  Drone x3  
Show
View Real Time Build Order
Export as new Build Order

wamphyrix Terran 

Build Orders:  

Get SALT Encoding   

  12  0:04  SCV  
  13  0:16  SCV  
  13  0:20  Supply Depot  
  14  0:28  SCV  
  15  0:42  SCV  
  16  0:44  Barracks  
  16  0:50  Refinery  
  16  0:54  SCV  
  17  1:06  SCV  
  18  1:13  Supply Depot  
  18  1:18  SCV  
  19  1:30  SCV  
  19  1:32  Marine  
  21  1:49  Marine  
  22  1:58  Command Center  
  22  2:07  SCV, Factory  
  23  2:11  Barracks Tech Lab  
  23  2:20  Orbital Command  
  23  2:31  Refinery  
  23  2:34  Marauder  
  25  2:45  SCV  
  26  2:53  Factory  
  27  2:58  SCV  
  27  3:01  Supply Depot  
  27  3:12  Hellion  
  29  3:18  Barracks Reactor  
  29  3:22  SCV  
  30  3:35  Hellion  
  30  3:37  Infernal Pre-Igniter  
  30  3:40  Hellion  
  34  3:42  SCV  
  35  3:49  Supply Depot  
  35  4:13  Hellion  
  35  4:14  Hellion  
  35  4:16  SCV  
  38  4:22  Starport  
  38  4:28  SCV  
  38  4:30  Barracks Tech Lab  
  39  4:37  Hellion  
  39  4:38  Armory  
  41  4:40  SCV  
  46  4:45  Supply Depot  
  46  4:46  Hellion x2  
  46  4:52  SCV  
  47  5:03  Command Center  
  47  5:04  SCV  
  48  5:07  Marauder  
  50  5:23  Hellion  
  50  5:24  Hellion  
  54  5:29  Marauder  
  54  5:46  Orbital Command  
  56  5:51  Siege Tank  
  56  5:53  Marauder  
  56  5:54  Starport Tech Lab  
  56  5:56  Terran Vehicle Weapons Level 1  
  59  6:01  Barracks  
  51  6:37  Refinery  
  51  6:38  Refinery  
  51  6:43  Banshee  
  51  6:44  Cloaking Field  
  54  6:54  Barracks Tech Lab  
  54  6:55  Factory Tech Lab, Barracks  
  54  7:12  SCV, Engineering Bay  
  55  7:24  SCV  
  56  7:30  Banshee  
  59  7:41  Marauder  
  73  8:04  Missile Turret  
  73  8:09  Sensor Tower  
  73  8:19  Missile Turret  
Tags
 
Add a new tag
Caveats
  • Supply blocks, unpowered buildings, or Contaminate may cause inaccurate times.
  • Supply counts are checked every 10 seconds.